 Dungeon Crawl Stone Soup version 0.28.0-43-g3370ac3207 (webtiles) character file.

Game seed: 16034386193676990085

278 crimpus the Skirmisher (level 6, -7/66 HPs)
             Began as an Ogre Berserker on Mar 11, 2022.
             Was a Believer of Trog.
             Mangled by a black bear (11 damage)
             ... on level 4 of the Dungeon.
             The game lasted 00:03:30 (3349 turns).

crimpus the Skirmisher (Ogre Berserker)             Turns: 3349, Time: 00:03:30

Health: -7/66      AC:  5    Str: 22 (24) XL:     6   Next: 26%
Magic:  6/6        EV: 10    Int:  6 (8)  God:    Trog [**....]
Gold:   136        SH:  0    Dex:  5 (8)  Spells: 5/5 levels left

rFire   + . .      SeeInvis .   a - +0 mace
rCold   + . .      Faith    .   (no shield)
rNeg    . . .      Spirit   .   l - +2 robe {rC+ rF+}
rPois   .          Reflect  .   (helmet restricted)
rElec   .          Harm     .   (no cloak)
rCorr   .          Rampage  .   (gloves unavailable)
Will    .....                   (boots unavailable)
Stlth   +.........              i - amulet of regeneration
HPRegen 1.01/turn               (no ring)
MPRegen 0.10/turn               (no ring)

@: on berserk cooldown
A: large, unfitting armour, tough skin 1
a: Renounce Religion, Berserk, Trog's Hand


You were on level 4 of the Dungeon.
You worshipped Trog.
Trog was pleased with you.
You visited 1 branch of the dungeon, and saw 4 of its levels.

You collected 136 gold pieces.

Inventory:

Hand Weapons
 a - a +0 mace (weapon)
Armour
 l - a +2 robe of resistance (worn)
Jewellery
 f - a +6 ring of intelligence
 i - an amulet of regeneration (around neck)
Scrolls
 b - a scroll of vulnerability {unknown}
 c - 2 scrolls of identify
 d - a scroll of magic mapping
 e - a scroll of teleportation
Potions
 g - a potion of cancellation


   Skills:
 + Level 5.2 Fighting
 + Level 4.9 Maces & Flails
 + Level 4.0 Dodging


You had 5 spell levels left.
You didn't know any spells.
Your spell library was empty.

Dungeon Overview and Level Annotations

Branches:
Dungeon (4/15)
 Temple: D:4-7

Altars:

Shops:
D:2 [


Innate Abilities, Weirdness & Mutations

You are too large for most types of armour.
You have tough skin. (AC +1)


Message History

The black bear bites you. The black bear claws you. x2
The black bear closely misses you. The black bear claws you.
The black bear barely misses you.
You thump the black bear!
The black bear is severely wounded.
The black bear barely misses you. The black bear closely misses you.
The black bear claws you.
The black bear goes berserk!
You sock the black bear!
The black bear is almost dead.
The black bear bites you. The black bear closely misses you.
The black bear barely misses you. x2; The black bear claws you.
The black bear barely misses you.
You closely miss the black bear.
The black bear is almost dead.
The black bear bites you! The black bear claws you.
The black bear closely misses you. The black bear barely misses you.
The black bear closely misses you. The black bear barely misses you.
The black bear bites you!
* * * LOW HITPOINT WARNING * * *
The black bear claws you.
* * * LOW HITPOINT WARNING * * *
The black bear claws you but does no damage.
You closely miss the black bear.
The black bear is almost dead.
The black bear bites you.
* * * LOW HITPOINT WARNING * * *
The black bear claws you.
* * * LOW HITPOINT WARNING * * *
The black bear claws you but does no damage.
The black bear bites you.
* * * LOW HITPOINT WARNING * * *
The black bear claws you.
* * * LOW HITPOINT WARNING * * *
The black bear barely misses you.
It was a potion of cancellation.
Your magical effects are unravelling.
You feel magically purged.
You feel yourself speed up. The black bear bites you!
You die...

#...... ##
#...... .# .
....?..## .# ..
........##.##..#
...............#
...............#
.....#.........#
#..<@†#
........h.#
............?
...............
#...####.....##
###. ........ .
.......". .
.........


You could see a black bear (berserk).

Vanquished Creatures
  Sigmund (D:3)
  A gnoll (D:1)
  6 adders
  2 dart slugs
  An orc (D:3)
  A bat (D:1)
  6 endoplasms
  5 giant cockroaches
  6 goblins
  5 hobgoblins
  3 kobolds (D:1)
  4 quokkas
  6 ball pythons
  A frilled lizard (D:1)
  7 rats
55 creatures vanquished.

Notes
Turn   | Place    | Note
-------+----------+-------------------------------------------
     0 | D:1      | crimpus the Ogre Berserker began the quest for the Orb.
     0 | D:1      | Reached XP level 1. HP: 24/24 MP: 1/1
   111 | D:1      | Reached XP level 2. HP: 31/32 MP: 2/2
   248 | D:1      | You fall into a shaft and drop 1 floor!
   558 | D:2      | Reached XP level 3. HP: 27/40 MP: 3/3
   779 | D:2      | Found Tovyvvul's Antique Armour Boutique.
   929 | D:2      | Found a faded altar of an unknown god.
   931 | D:2      | Found a faded altar of an unknown god.
  1782 | D:1      | Reached ** piety under Trog
  1997 | D:1      | Reached XP level 4. HP: 47/49 MP: 4/4
  2318 | D:3      | Noticed Sigmund
  2330 | D:3      | Killed Sigmund
  2331 | D:3      | Reached skill level 5 in Fighting
  2331 | D:3      | Reached XP level 5. HP: 30/57 MP: 5/5
  2713 | D:3      | Reached XP level 6. HP: 65/66 MP: 6/6
  3325 | D:4      | Noticed a black bear
  3348 | D:4      | HP: 2/66 [black bear (2)]
  3349 | D:4      | Mangled by a black bear

Illustrated notes

Levels and vault maps discovered:
D:1:      grunt_arrival_crossed_arrows, layout_basic
D:2:      layout_basic, serial_shops, nicolae_shop_stone,
          hellmonk_ecumenical_altar_the_god_not_taken
D:3:      layout_loops_ring, uniq_sigmund
D:4:      layout_cave_pools, serial_bayou_pond_e,
          minmay_a_box_with_orc_wizards_in_it, uniq_robin, uniq_blork_the_orc

Skill      XL: |  1  2  3  4  5  6 |
---------------+-------------------+-----
Maces & Flails | 3 4 |  4.9
Dodging        | 3 4 |  4.0
Fighting       | 5 |  5.2

Action                   |  1- 3 |  4- 6 || total
-------------------------+-------+-------++-------
Melee: Mace              |   124 |    93 ||   217
Invok: Berserk           |       |     2 ||     2
  Use: Scroll            |       |     5 ||     5
       Potion            |       |     3 ||     3
 Stab: Sleeping          |     1 |       ||     1
Armor: Animal skin       |    30 |     3 ||    33
       Robe              |       |    42 ||    42
Dodge: Dodged            |    87 |    60 ||   147
